 Dungeon Crawl Stone Soup version 0.29-a0-356-g7bc237e783 (webtiles) character file.

Game seed: 11878209398941701803

14934 rabbitsville the Protected (level 11, -12/101 HPs)
             Began as a Minotaur Fighter on Apr 25, 2022.
             Was an Elder of Zin.
             Mangled by a polar bear (22 damage)
             ... on level 1 of the Lair of Beasts.
             The game lasted 00:44:56 (16347 turns).

rabbitsville the Protected (Minotaur Fighter)      Turns: 16347, Time: 00:44:58

Health: -12/101    AC: 21    Str: 26    XL:     11   Next: 95%
Magic:  16/16      EV:  4    Int:  5    God:    Zin [****..]
Gold:   440        SH: 13    Dex:  9    Spells: 10/10 levels left

rFire   . . .      SeeInvis +   C - +3 spear
rCold   . . .      Faith    .   t - +0 tower shield
rNeg    . . .      Spirit   .   y - +0 plate armour
rPois   +          Reflect  .   (helmet restricted)
rElec   .          Harm     .   G - +0 cloak
rCorr   .          Rampage  .   L - +1 pair of gloves {Stlth+}
Will    .....                   P - +0 pair of boots
Stlth   ..........              m - amulet of magic regeneration
HPRegen 0.26/turn               v - ring of see invisible
MPRegen 0.55/turn               F - ring of poison resistance

@: no status effects
A: horns 2, retaliatory headbutt
a: Renounce Religion, Recite, Vitalisation, Imprison, Donate Gold


You were on level 1 of the Lair of Beasts.
You worshipped Zin.
Zin was greatly pleased with you.
You visited 3 branches of the dungeon, and saw 13 of its levels.

You collected 662 gold pieces.
You spent 156 gold pieces at shops.
You donated 66 gold pieces to Zin.

Inventory:

Hand Weapons
 o - a +3 hand axe of flaming
 C - a +3 spear (weapon)
Missiles
 Q - 7 javelins
Armour
 c - a +0 buckler
 t - a +0 tower shield (worn)
 y - a +0 plate armour (worn)
 G - a +0 cloak (worn)
 L - a +1 pair of gloves of stealth (worn)
 P - a +0 pair of boots (worn)
Jewellery
 a - a +4 ring of evasion
 k - a ring of wizardry
 m - an amulet of magic regeneration (around neck)
 v - a ring of see invisible (left hand)
 w - a ring of ice
 F - a ring of poison resistance (right hand)
 M - a ring of flight
Wands
 r - a wand of digging (7)
 A - a wand of acid (11)
 B - a wand of paralysis (9)
 H - a wand of flame (6)
 J - a wand of charming (2)
 O - a wand of iceblast (3)
Scrolls
 e - a scroll of identify
 f - 7 scrolls of teleportation
 g - 4 scrolls of magic mapping
 j - a scroll of vulnerability
 l - 2 scrolls of blinking
 q - 4 scrolls of noise
 s - 3 scrolls of immolation
 u - 3 scrolls of enchant armour
 D - a scroll of silence
 I - a scroll of fear
 N - 2 scrolls of amnesia
Potions
 b - a potion of berserk rage
 d - 2 potions of mutation
 h - a potion of haste
 n - 2 potions of attraction
 p - a potion of magic
 z - 4 potions of curing
 E - a potion of flight
 K - 2 potions of lignification


   Skills:
 + Level 10.7 Fighting
 * Level 12.3 Polearms
 - Level 12.7 Armour
 - Level 7.4 Shields
 + Level 8.6 Invocations


You had 10 spell levels left.
You didn't know any spells.
Your spell library contained the following spells:

 Spells                   Type           Power      Damage    Failure   Level
 Shock                    Conj/Air       0%         1d3       100%        1
 Sting                    Tmut/Pois      0%         1d3       100%        1
 Poisonous Vapours        Pois/Air       0%         N/A       100%        2
 Dazzling Flash           Conj/Hex       0%         N/A       100%        3
 Swiftness                Air            0%         N/A       100%        3
 Tukima's Dance           Hex            0%         N/A       100%        3
 Airstrike                Air            0%         N/A       100%        4
 Anguish                  Hex/Necr       0%         N/A       100%        4
 Olgreb's Toxic Radiance  Pois           0%         N/A       100%        4
 Agony                    Necr           0%         N/A       100%        5
 Silence                  Hex/Air        0%         N/A       100%        5
 Enfeeble                 Hex            0%         N/A       100%        7


Dungeon Overview and Level Annotations

Branches:
Dungeon (11/15)            Temple (1/1) D:7            Lair (1/6) D:9
    Orc (0/2) D:10

Altars:
Ashenzari
Cheibriados
Dithmenos
Elyvilon
Fedhas
Gozag
Hepliaklqana
Kikubaaqudgha
Makhleb
Nemelex Xobeh
Okawaru
Qazlal
Ru
Sif Muna
Trog
Uskayaw
Vehumet
Wu Jian
Xom
Yredelemnul
Zin
The Shining One
Beogh

Shops:
D:5 (   D:8 *   D:10 (

Annotations:
D:3 3 runed translucent doors, Zakronia's ghost, amateur HOFi


Innate Abilities, Weirdness & Mutations

You have a pair of horns on your head.
You reflexively headbutt those who attack you in melee.


Message History

The polar bear bites you!
* * * LOW HITPOINT WARNING * * *
The polar bear claws you.
* * * LOW HITPOINT WARNING * * *
The polar bear claws you but does no damage.
You hit the polar bear. You headbutt the polar bear!
The polar bear is almost dead.
You block the blink frog's attack.
The blink frog blinks!
You barely miss the polar bear.
The polar bear is almost dead.
The blink frog hits you but does no damage.
You block the polar bear's attack.
The polar bear claws you but does no damage. x2
You block the blink frog's attack.
You closely miss the polar bear.
The polar bear is almost dead.
The polar bear goes berserk!
You block the blink frog's attack.
You barely miss the polar bear.
The polar bear is almost dead.
You block the blink frog's attack.
The polar bear bites you but does no damage.
The polar bear claws you but does no damage.
You block the polar bear's attack.
The blink frog hits you but does no damage.
The blink frog hits you!
* * * LOW HITPOINT WARNING * * *
The blink frog blinks!
You hit the polar bear.
The polar bear is almost dead.
The polar bear bites you.
* * * LOW HITPOINT WARNING * * *
The polar bear claws you but does no damage.
You block the polar bear's attack. You block the blink frog's attack.
You hit the polar bear but do no damage.
Your headbutt misses the polar bear.
The polar bear is almost dead.
You block the polar bear's attack. x2
The polar bear claws you but does no damage.
You block the blink frog's attack. The polar bear bites you!!
You die...

.# ###.P... #### ...
#.(..#. ####..###
#..##.....# .........
#..#...... ##....#
#..#.... #...... #......
###...#.. #.....#####
###.....##÷ #.......##
##...#.###..
.....#..#F@..# #....###
#.† ...8....Fh§†#####...#
#.. .
#..###.#.........######.#
#.. #.#..##.#.....#.....
#. #.....###...P.P..... F
#...........#.....≈≈ F.
#......#......≈≈≈≈≈≈
#...##........≈≈≈≈≈≈
#....######....≈≈≈≈≈≈


You could see a polar bear (berserk) and 2 blink frogs.

Vanquished Creatures
  A boulder beetle (D:11)
  2 two-headed ogres
  Urug (D:9)
  A manticore (D:11)
  3 cane toads
  Psyche (D:8)
  A tengu conjurer (D:8)
  A komodo dragon (Lair:1)
  4 trolls
  Grinder (D:3)
  5 hornets
  4 blink frogs (Lair:1)
  Sigmund (D:5)
  8 yaks
  A shadow (D:9)
  3 wraiths
  2 vampire mosquitoes
  Menkaure (D:7)
  An acid dragon (D:8)
  6 water moccasins
  5 orc warriors
  2 sky beasts
  2 ogres
  6 centaurs
  4 kobold brigands
  7 bullfrogs
  2 gnoll sergeants
  3 scorpions
  2 necrophages (D:5)
  8 wights
  2 water moccasin skeletons (D:5)
  11 killer bees
  An electric eel (Lair:1)
  2 bullfrog zombies (D:5)
  2 howler monkeys
  A bullfrog skeleton (D:5)
  A hound (D:5)
  10 orc priests
  2 gnoll shamans
  4 jellies
  Jessica (D:3)
  12 orc wizards
  3 scorpion zombies
  Terence (D:2)
  2 hound zombies (D:4)
  A hound skeleton (D:5)
  2 howler monkey zombies (D:5)
  3 gnolls (D:9)
  5 adders
  A shadow imp (D:6)
  2 white imps
  An adder zombie (D:4)
  2 worms
  3 dart slugs
  41 orcs
  6 endoplasms
  4 giant cockroaches
  6 goblins
  6 hobgoblins
  4 jackals (D:2)
  20 kobolds
  A quokka (D:1)
  5 ball pythons
  4 bats
  3 frilled lizards
  3 rats
267 creatures vanquished.

Vanquished Creatures (others)
  3 fungi (Lair:1)
  5 plants (Lair:1)
8 creatures vanquished.

Grand Total: 275 creatures vanquished

Notes
Turn   | Place    | Note
-------+----------+-------------------------------------------
     0 | D:1      | rabbitsville the Minotaur Fighter began the quest for the
                  | Orb.
     0 | D:1      | Reached XP level 1. HP: 19/19 MP: 0/0
   250 | D:1      | Reached XP level 2. HP: 27/27 MP: 1/1
   564 | D:2      | Noticed Terence
   569 | D:2      | Killed Terence
   570 | D:2      | Reached XP level 3. HP: 21/34 MP: 2/2
  1344 | D:2      | Reached XP level 4. HP: 41/41 MP: 3/3
  1484 | D:3      | Noticed Jessica
  1493 | D:3      | Killed Jessica
  1494 | D:3      | Reached skill level 5 in Fighting
  1668 | D:3      | Noticed a sky beast
  1684 | D:3      | Killed a sky beast
  1685 | D:3      | Reached XP level 5. HP: 38/48 MP: 4/4
  2031 | D:3      | Noticed Grinder
  2036 | D:3      | Paralysed by Grinder for 4 turns
  2054 | D:3      | Killed Grinder
  2055 | D:3      | Reached skill level 5 in Polearms
  2055 | D:3      | Reached skill level 5 in Shields
  2055 | D:3      | Reached XP level 6. HP: 36/57 MP: 5/5
  2246 | D:3      | Found a runed translucent gate.
  2247 | D:3      | Found a runed translucent gate.
  2247 | D:3      | Noticed Zakronia's ghost (amateur HOFi)
  2248 | D:3      | Found a runed translucent gate.
  2573 | D:4      | Found a hazy altar of Hepliaklqana.
  2574 | D:4      | Found a shadowy altar of Dithmenos.
  2574 | D:4      | Found a shimmering blue altar of Sif Muna.
  2575 | D:4      | Found an ancient bone altar of Kikubaaqudgha.
  2714 | D:4      | Found a basalt altar of Yredelemnul.
  2722 | D:4      | Reached XP level 7. HP: 64/64 MP: 6/6
  2762 | D:4      | Found an opulent altar of Gozag.
  2875 | D:4      | Found a snail-covered altar of Cheibriados.
  2909 | D:4      | Found an ornate altar of the Wu Jian Council.
  3458 | D:5      | Entered Level 5 of the Dungeon
  4161 | D:5      | Noticed Sigmund
  4177 | D:5      | Killed Sigmund
  4178 | D:5      | Reached XP level 8. HP: 28/74 MP: 7/7
  4567 | D:5      | Found Wiumam's Antique Weapon Emporium.
  4750 | D:5      | Found a glowing golden altar of the Shining One.
  4760 | D:5      | Became a worshipper of the Shining One
  5369 | D:6      | Found a broken altar of Ashenzari.
  5394 | D:6      | HP: 3/78 [poisoned by a water moccasin]
  6674 | D:7      | Reached * piety under the Shining One
  6734 | D:7      | Reached XP level 9. HP: 82/85 MP: 8/8
  6884 | D:7      | Noticed Menkaure
  6891 | D:7      | Killed Menkaure
  6987 | D:7      | Found a white marble altar of Elyvilon.
  7068 | D:7      | Reached skill level 10 in Fighting
  7146 | D:7      | Found a staircase to the Ecumenical Temple.
  7155 | Temple   | Entered the Ecumenical Temple
  7380 | Temple   | Fell from the grace of the Shining One
  7380 | Temple   | Became a worshipper of Zin the Law-Giver
  7380 | Temple   | Reached * piety under Zin
  7483 | D:7      | Reached skill level 1 in Invocations
  7809 | D:7      | Reached ** piety under Zin
  8112 | D:7      | Reached skill level 5 in Armour
  8795 | D:8      | Noticed a tengu conjurer
  9156 | D:8      | Killed a tengu conjurer
  9157 | D:8      | Reached XP level 10. HP: 46/93 MP: 12/12
  9416 | D:8      | Found Memm's Gadget Gallery.
  9530 | D:8      | Noticed Psyche
  9564 | D:8      | Killed Psyche
  9915 | D:9      | Reached *** piety under Zin
  9958 | D:9      | Reached skill level 5 in Invocations
 10293 | D:9      | Noticed a two-headed ogre
 10355 | D:9      | Killed a two-headed ogre
 10356 | D:9      | Reached skill level 10 in Armour
 10564 | D:9      | Found a staircase to the Lair.
 10577 | D:9      | Paralysed by a hornet for 1 turns
 10581 | D:9      | Found an iron altar of Okawaru.
 11215 | D:9      | Paralysed by a hornet for 2 turns
 11726 | D:10     | Entered Level 10 of the Dungeon
 11832 | D:10     | Noticed a two-headed ogre
 11848 | D:10     | Killed a two-headed ogre
 11849 | D:10     | Reached XP level 11. HP: 46/99 MP: 13/15
 12281 | D:10     | Found a staircase to the Orcish Mines.
 12617 | D:10     | Reached **** piety under Zin
 12678 | D:10     | Found a stormy altar of Qazlal.
 13275 | D:10     | Found Ecvoysum's Weapon Shoppe.
 13683 | D:11     | Reached skill level 10 in Polearms
 13858 | D:11     | Noticed a boulder beetle
 13921 | D:11     | Killed a boulder beetle
 14824 | Lair:1   | Entered Level 1 of the Lair of Beasts
 14832 | Lair:1   | Noticed Urug
 14941 | D:9      | Killed Urug
 15551 | D:5      | Bought a glowing trident for 156 gold pieces
 16347 | Lair:1   | Mangled by a polar bear

Illustrated notes

Levels and vault maps discovered:
D:1:      amcnicky_arrival_gap_in_the_tavern_cellar, layout_basic
D:2:      layout_loops_ring, uniq_terence
D:3:      layout_loops_ring, biasface_ghost_orc_armoury, uniq_jessica,
          uniq_grinder
D:4:      layout_basic, nicolae_yredelemnul_corpse_copse, marbit_many_paths,
          chequers_temple_overflow_statue_of_worship, nicolae_overflow_squiral
D:5:      layout_cave_pods, overflow_temple_1_default, serial_shops,
          nicolae_shop_overgrown_old_shop, serial_undead, serial_undead_d,
          serial_undead_d, serial_undead_d, serial_undead_a, uniq_sigmund
D:6:      layout_layer_cave, mainiacjoe_overflow_catwalk
D:7:      layout_basic, elyvilon_altar_1, minmay_temple_entry_grid,
          minmay_misc_feat_tower, uniq_menkaure
D:8:      cheibrodos_fzero, layout_rooms, nicolae_shop_gadgets, uniq_psyche
D:9:      kennysheep_ambush_hall, layout_loops_ring, kennysheep_mini_moat,
          lair_entry_dummy, st_stairs_11
D:10:     layout_loops_ring, mainiacjoe_overflow_small_starburst, erik_orc_4,
          serial_shops, shop, eino_jars
D:11:     layout_irregular_city
Temple:   chequers_temple_sunken
Lair:1:   gammafunk_boulding_lane, layout_misc_corridors, gammafunk_ghost_icy,
          infiniplex_staircase_pool_2, grunt_megastairs_4, serial_bayou_shore_a,
          uniq_joseph, uniq_urug

Skill      XL: |  1  2  3  4  5  6  7  8  9 10 11 |
---------------+----------------------------------+-----
Fighting       | 4 5 6 8 9 10 | 10.7
Polearms       | 3 4 5 6 7 9 12 | 12.3
Shields        | 4 5 6 7 |  7.4
Armour         | 8 12 | 12.7
Invocations    | 4 6 8 |  8.6

Action                   |  1- 3 |  4- 6 |  7- 9 | 10-12 || total
-------------------------+-------+-------+-------+-------++-------
Melee: Trident           |    32 |       |       |       ||    32
       Headbutt          |     6 |    13 |    58 |   125 ||   202
       Hand axe          |    26 |    85 |   233 |       ||   344
       Spear             |       |       |   162 |   717 ||   879
Invok: Recite            |       |       |     1 |     1 ||     2
Evoke: Wand              |       |       |       |    11 ||    11
  Use: Potion            |       |     3 |     2 |     3 ||     8
       Scroll            |       |       |       |    16 ||    16
Armor: Scale mail        |     2 |       |       |       ||     2
       Chain mail        |    13 |    42 |    70 |       ||   125
       Plate armour      |       |       |    77 |   271 ||   348
Dodge: Dodged            |    15 |    26 |    44 |    73 ||   158
Block: Buckler           |     9 |    10 |     3 |       ||    22
       Tower shield      |       |       |   243 |   419 ||   662

Table legend: (Time is in decaauts)
 A = Elapsed time spent in this place.
 B = Non-inter-level travel time spent in this place.
 C = Inter-level travel time spent in this place.
 D = Time resting spent in this place.
 E = Time spent auto-exploring this place.
 F = Levels seen in this place.
 G = Mean time per level.
                   A        B        C        D        E       F      G
               +--------+--------+--------+--------+--------+-----+--------+
         Total |  16494 |  15725 |    769 |   2046 |  10376 |  13 | 1268.8 |
       Dungeon |  15302 |  14538 |    764 |   1763 |   9790 |  11 | 1391.1 |
        Temple |    302 |    302 |      0 |      0 |    220 |   1 |  302.0 |
          Lair |    889 |    884 |      5 |    283 |    365 |   1 |  889.0 |
               +--------+--------+--------+--------+--------+-----+--------+

Top non-repeatable levels by time:
     D:9: 2408 daAuts
     D:6: 1858 daAuts
     D:7: 1759 daAuts
    D:10: 1606 daAuts
     D:5: 1502 daAuts
    D:11: 1411 daAuts
     D:8: 1271 daAuts
     D:4: 1092 daAuts
     D:3: 984 daAuts
  Lair:1: 889 daAuts
     D:2: 842 daAuts
     D:1: 563 daAuts
  Temple: 302 daAuts
